 Dungeon Crawl Stone Soup version 0.31-a0-263-ge8cad7f256 (webtiles) character file.

Game seed: 10643704697311247424

86 bjtr the Grave Robber (level 4, -6/45 HPs)
             Began as a Demonspawn Necromancer on July 14, 2023.
             Killed by divine providence
             ... invoked by an orc priest
              (12 damage)
             ... on level 4 of the Dungeon.
             The game lasted 00:11:01 (2649 turns).

bjtr the Grave Robber (Demonspawn Necromancer)      Turns: 2649, Time: 00:11:04

Health: -6/45      AC: 22    Str:  5 (8)  XL:     4   Next: 26%
Magic:  4/7        EV:  2    Int: 17 (19) God:
Gold:   164        SH:  0    Dex: 12 (13) Spells: 0/8 levels left

rFire   . . .        i - +0 flail
rCold   . . .        (no shield)
rNeg    . . .        j - melded +0 leather armour
rPois   +            (helmet currently unavailable)
rElec   .            (cloak currently unavailable)
rCorr   .            m - melded +0 pair of gloves
SInv    .            (boots currently unavailable)
Will    .....        (no amulet)
Stlth   ++           (no ring)
HPRegen 0.27/turn    (no ring)
MPRegen 0.10/turn

%: no passive effects
@: tree-form, animating dead
A: stationary, stasis, torment immunity, boosted hp, (antennae 1), powered by
death 1, (sharp scales 1)
a: no special abilities


You were on level 4 of the Dungeon.
You were a tree.
You visited 1 branch of the dungeon, and saw 4 of its levels.

You collected 164 gold pieces.

Inventory:

Hand Weapons
 e - a +0 short sword
 g - a +0 mace
 i - a +0 flail (weapon)
 s - a +0 sling
Missiles
 r - 3 poisoned darts (quivered)
Armour
 a - a +0 robe
 j - a +0 leather armour (melded)
 m - a +0 pair of gloves (melded)
Jewellery
 d - a ring of flight
Scrolls
 h - a scroll of acquirement {unknown}
 k - a scroll of enchant armour {unknown}
 l - a scroll of identify {unknown}
 n - a scroll of fog {unknown}
 o - a scroll of blinking {unknown}
 p - a scroll of teleportation {unknown}
 q - a scroll of revelation {unknown}
Potions
 b - a potion of magic
 c - 2 potions of degeneration
 f - a potion of lignification


   Skills:
 + Level 0.3 Fighting
 + Level 2.1 Dodging
 + Level 2.2 Stealth
 * Level 2.6 Spellcasting
 * Level 5.5 Necromancy


You couldn't memorise any spells.
You knew the following spells:

 Your Spells              Type           Power      Damage    Failure   Level
a - Necrotise             Necr           80%        1d8       1%          1
b - Vampiric Draining     Necr           20%        2d7       6%          3
c - Animate Dead          Necr           20%        N/A       19%         4

Your spell library contained the following spells:

 Spells                   Type           Power      Damage    Failure   Level
 Agony                    Necr           20%        N/A       47%         5


Dungeon Overview and Level Annotations

Branches:
Dungeon (4/15)
 Temple: D:4-7

Altars:
Makhleb
Ru

Shops:
D:1 (

Annotations:
D:3 Grinder


Innate Abilities, Weirdness & Mutations

You are a tree.
Your roots penetrate the ground, keeping you stationary.
You cannot be teleported.
You are immune to unholy pain and torment.
Your maximum health is greatly increased.
Your equipment is partially melded.
((You have a pair of small antennae on your head.))
You regenerate a little health from kills.
((You are partially covered in razor-sharp scales. (AC +1, Slay +1)))


Message History

The orc priest barely misses you.
The orc priest hits your orc zombie with a +0 war axe.
Your orc zombie is destroyed!
The orc shouts!
You hit the orc priest.
The orc priest is almost dead.
The orc priest looks satisfied for a moment.
A ball python comes into view.
Unknown command.
You closely miss the orc priest.
The orc priest is almost dead.
The orc priest hits you with a +0 war axe.
The orc hits you with a +0 short sword.
The orc priest mumbles some strange prayers to Beogh against you.
Pain shoots through your body! The orc hits you but does no damage.
Unknown command.
You closely miss the orc priest.
The orc priest is almost dead.
The orc priest hits you with a +0 war axe!
* * * LOW HITPOINT WARNING * * *
The orc hits you with a +0 short sword.
* * * LOW HITPOINT WARNING * * *
Unknown command.
The orc attacks as you move away! The orc hits you but does no damage.
The orc priest attacks as you move away!
The orc priest hits you with a +0 war axe.
* * * LOW HITPOINT WARNING * * *
The jelly jiggles.
The orc priest invokes the aid of Beogh against you.
You barely resist.
It was a potion of degeneration.
There was something very wrong with that liquid.
You feel weakened.
You feel dopey.
You feel clumsy.
It was a potion of lignification.
You turn into a tree.
Your +0 pair of gloves melds into your body.
Your +0 leather armour melds into your body.
Your roots penetrate the ground.
The orc priest mumbles some strange prayers to Beogh against you.
Beogh smites you!
You die...

### #.. . #.#
.J #.# ... #.#
.. ##.##.#.##
#o♣.......
##o##.#..#
....S.SoJ.....#
....g#g.##.#...
.... #..# # ##
.## #..# ...#
.... ##...


You could see a jelly, an orc priest, 2 orcs, a hobgoblin and a ball python.

Vanquished Creatures
  An adder (D:2)
  A worm (D:3)
  4 dart slugs
  An orc (D:4)
  4 bats
  3 endoplasms (D:1)
  5 goblins
  8 hobgoblins
  8 jackals
  8 kobolds
  2 quokkas
  2 ball pythons
  2 frilled lizards
  7 rats
56 creatures vanquished.

Vanquished Creatures (collateral kills)
  A jackal (D:1)
  A ball python (D:1)
  A frilled lizard (D:2)
  A rat (D:1)
4 creatures vanquished.

Vanquished Creatures (others)
  An orc zombie (D:4)
1 creature vanquished.

Grand Total: 61 creatures vanquished

Notes
Turn   | Place    | Note
-------+----------+-------------------------------------------
     0 | D:1      | bjtr the Demonspawn Necromancer began the quest for the
                  | Orb.
     0 | D:1      | Reached XP level 1. HP: 13/13 MP: 3/3
   147 | D:1      | Gained mutation: You are partially covered in razor-sharp
                  | scales. (AC +1, Slay +1) [demonic ancestry]
   147 | D:1      | Reached XP level 2. HP: 19/19 MP: 1/5
   248 | D:1      | Reached skill level 5 in Necromancy
   542 | D:1      | Found Oqigexaq's Weapon Emporium.
   556 | D:1      | Gained mutation: You have a pair of small antennae on your
                  | head. [demonic ancestry]
   556 | D:1      | Reached XP level 3. HP: 23/24 MP: 2/6
   562 | D:1      | Learned a level 3 spell: Vampiric Draining
  1248 | D:2      | Found a burning altar of Makhleb.
  1499 | D:2      | Gained mutation: You regenerate a little health from kills.
                  | [demonic ancestry]
  1499 | D:2      | Reached XP level 4. HP: 30/30 MP: 4/7
  1885 | D:3      | Found a faded altar of an unknown god.
  2147 | D:3      | Noticed Grinder
  2258 | D:3      | Learned a level 4 spell: Animate Dead
  2419 | D:3      | Found a sacrificial altar of Ru.
  2649 | D:4      | Killed from afar by an orc priest

Illustrated notes

Levels and vault maps discovered:
D:1:      minmay_arrival_radiant_lines, layout_loops_cross, serial_shops, shop,
          minmay_pentomino_x4
D:2:      layout_rooms, serial_forest, infiniplex_forest_pool,
          infiniplex_forest_clump_diagonal, infiniplex_forest_lined_ring,
          infiniplex_forest_split, infiniplex_forest_straight_4, basic_altar
D:3:      layout_rooms, nicolae_ru_the_path_less_chosen, basic_ecumenical_altar,
          uniq_crazy_yiuf_cottage, uniq_grinder
D:4:      layout_basic, lemuel_crystal_altar, serial_rivers,
          chequers_serial_rivers_small_a, chequers_serial_rivers_small_b,
          chequers_serial_rivers_micro_c, chequers_serial_rivers_small_3,
          st_stairs_3, nicolae_letterblocks [nicolae_letter_subblock,
          nicolae_letter_subblock, nicolae_letter_subblock,
          nicolae_letter_subblock, nicolae_letter_subblock,
          nicolae_letter_subblock, nicolae_letter_subblock,
          nicolae_letter_subblock, nicolae_letter_subblock,
          nicolae_letter_subblock, nicolae_letter_subblock,
          nicolae_letter_subblock, nicolae_letter_subblock,
          nicolae_letter_subblock, nicolae_letter_subblock,
          nicolae_letter_subblock, nicolae_letter_subblock,
          nicolae_letter_subblock, nicolae_letter_subblock,
          nicolae_letter_subblock, nicolae_letter_subblock,
          nicolae_letter_subblock, nicolae_letter_subblock,
          nicolae_letter_subblock, nicolae_letter_subblock]

Skill      XL: |  1  2  3 |
---------------+----------+-----
Necromancy     | 5 |  5.5
Dodging        | 2 |  2.1
Stealth        | 2 |  2.2
Fighting       | |  0.3
Spellcasting   | |  2.6

Action                     |  1- 3 |  4- 6 || total
---------------------------+-------+-------++-------
  Melee: Unarmed           |    15 |       ||    15
         Short sword       |    52 |       ||    52
         Flail             |     9 |   131 ||   140
         Mace              |     6 |       ||     6
         Punch             |       |     2 ||     2
  Throw: Dart              |       |     2 ||     2
   Cast: Necrotise         |    41 |     9 ||    50
         Animate Dead      |       |     1 ||     1
    Use: Potion            |       |     2 ||     2
   Stab: Sleeping          |     1 |     1 ||     2
         Distracted        |       |     1 ||     1
 Armour: Robe              |    20 |       ||    20
         Leather armour    |     4 |    11 ||    15
  Dodge: Dodged            |    65 |    24 ||    89

Table legend: (Time is in decaauts)
 A = Elapsed time spent in this place.
 B = Non-inter-level travel time spent in this place.
 C = Inter-level travel time spent in this place.
 D = Time resting spent in this place.
 E = Time spent auto-exploring this place.
 F = Levels seen in this place.
 G = Mean time per level.
                   A        B        C        D        E       F      G
               +--------+--------+--------+--------+--------+-----+--------+
         Total |   2705 |   2603 |    102 |    209 |   1681 |   4 |  676.2 |
       Dungeon |   2705 |   2603 |    102 |    209 |   1681 |   4 |  676.2 |
               +--------+--------+--------+--------+--------+-----+--------+

Top non-repeatable levels by time:
     D:1: 1035 daAuts
     D:2: 870 daAuts
     D:3: 782 daAuts
     D:4: 18 daAuts
